Description

3213123

Replay - Hoperhaf

Build Order

Get SALT Encoding   

  12  0:01  Drone  
  13  0:12  Overlord  
  13  0:16  Drone  
  14  0:32  Drone x2  
  16  0:36  Drone  
  17  0:53  Hatchery  
  17  0:56  Drone  
  17  0:59  Drone  
  18  1:13  Extractor, Spawning Pool  
  16  1:25  Drone x2  
  18  1:30  Drone  
  19  1:39  Drone  
  20  1:50  Overlord  
  20  2:02  Queen  
  20  2:05  Queen  
  20  2:06  Drone x2  
  26  2:15  Drone  
  26  2:16  Drone  
  26  2:21  Metabolic Boost  
  28  2:24  Drone  
  28  2:26  Drone  
  30  2:32  Overlord  
  30  2:39  Drone  
  30  2:43  Drone  
  32  2:50  Drone  
  33  2:56  Roach Warren  
  33  2:58  Drone  
  33  2:59  Lair  
  33  3:01  Drone  
  33  3:04  Drone  
  35  3:13  Drone x4  
  35  3:14  Overlord  
  35  3:17  Drone x3  
  35  3:18  Extractor x2  
  40  3:23  Spore Crawler  
  40  3:27  Spore Crawler, Drone  
  40  3:28  Drone  
  40  3:38  Overlord x2  
  40  3:41  Roach x2  
  40  3:44  Roach  
  45  4:05  Roach x6  
  57  4:12  Ravager  
  57  4:14  Roach  
  57  4:15  Roach  
  60  4:23  Roach x3  
  66  4:30  Ravager  
  66  4:31  Overlord  
  67  4:34  Overlord  
  67  4:40  Glial Reconstitution  
  67  4:51  Roach, Zergling x4  
  67  4:52  Zergling x6  
  74  4:54  Zergling x2  
  75  5:04  Roach x3  
  81  5:09  Zergling x4  
  83  5:16  Zergling x2  
  78  5:40  Zergling x2  
  78  5:41  Zergling x14  
  68  5:51  Queen x2  
  53  6:12  Drone x4  
  53  6:13  Drone x2  
  53  6:14  Roach x2  
  53  6:18  Roach x2  
  67  6:20  Hatchery  
  66  6:39  Roach x4  
  76  6:40  Roach  
  76  6:44  Overlord x2  
  76  6:52  Hydralisk Den  
  76  6:54  Overlord x2  
  75  6:57  Extractor, Drone  
  75  7:05  Ravager x3  
  75  7:06  Ravager x2  
  75  7:16  Zergling x2  
  75  7:21  Roach x4  
  75  7:22  Roach x2, Zergling x4  
  90  7:27  Overlord x2  
  90  7:30  Zergling x2  
  91  7:37  Roach  
  91  7:43  Overseer  
  92  7:45  Drone x2  
  92  7:47  Muscular Augments  
  92  7:51  Evolution Chamber, Extractor  
  92  7:52  Ravager x2  
  92  7:54  Ravager  
  92  7:55  Roach x5  
  105  8:13  Drone x2  
  105  8:18  Hydralisk x2  
  105  8:19  Hydralisk  
  113  8:29  Hydralisk  
  113  8:33  Overlord  
  115  8:39  Zerg Missile Weapons Level 1  
  115  8:41  Overlord x2  
  115  8:42  Overlord x2  
  115  8:56  Hydralisk x4  
  115  8:58  Grooved Spines  
  123  9:17  Hydralisk x2  
  123  9:18  Hydralisk  
  123  9:22  Ravager x2  
  123  9:23  Hatchery  
  130  9:26  Hydralisk  
  130  9:27  Hydralisk  
  134  9:45  Hydralisk x4  
  138  9:48  Drone  
  138  9:49  Drone  
Spawning Tool Build Advisor. Get it on Overwolf

Analysis

321312312

Go to:

Details

  • Created by: TwitchTOOS
  • Published on: Jun 01, 2018
  • Modified on: Jun 01, 2018
  • Patch: 4.0.0
Show
View Real Time Build Order
Export as new Build Order

Comments (0)

There are no comments. Be the first!

Create an account to comment!